 Dungeon Crawl Stone Soup version 0.26-a0-1040-gbe3abf3417 (webtiles) character file.

Game seed: 8003343167286359192

201 Dracia the Slasher (level 5, 0/41 HPs)
             Began as a Demonspawn Monk on Dec 11, 2020.
             Succumbed to a scorpion's poison
             ... on level 3 of the Dungeon.
             The game lasted 00:03:12 (2834 turns).

Dracia the Slasher (Demonspawn Monk)                Turns: 2834, Time: 00:03:12

Health: 0/41       AC: 10    Str: 11    XL:     5   Next: 50%
Magic:  5/5        EV:  5    Int: 12    God:
Gold:   162        SH:  0    Dex: 16    Spells: 4/4 levels left

rFire    . . .     SeeInvis .   a - +0 falchion
rCold    . . .     Faith    .   (no shield)
rNeg     . . .     Spirit   .   k - +0 chain mail
rPois    .         Reflect  .   (helmet restricted)
rElec    .         Harm     .   j - +1 cloak
rCorr    .         Rampage  .   (no gloves)
Will     .....                  (no boots)
Stlth    ..........             (no amulet)
HPRegen  0.13/turn              (no ring)
MPRegen  0.09/turn              (no ring)

@: lethally poisoned (0 -> -11), lightly drained
A: horns 1
a: no special abilities


You were on level 3 of the Dungeon.
You visited 1 branch of the dungeon, and saw 3 of its levels.

You collected 162 gold pieces.


Innate Abilities, Weirdness & Mutations

You have a pair of small horns on your head.


   Skills:
 - Level 3.0(2.9) Fighting
 + Level 5.7 Long Blades
 - Level 2.6 Dodging
 - Level 1.7 Stealth


You had 4 spell levels left.
You didn't know any spells.
Your spell library was empty.

Inventory:

Hand Weapons
 a - a +0 falchion (weapon)
Missiles
 m - 24 poisoned darts (quivered)
Armour
 b - a +0 robe
 g - a +0 ring mail
 j - a +1 cloak (worn)
 k - a +0 chain mail (worn)
Scrolls
 c - 3 scrolls of identify {unknown}
 e - 3 scrolls of teleportation {unknown}
 h - a scroll of enchant armour {unknown}
Potions
 d - a potion of magic {unknown}
 f - a potion of haste {unknown}
 i - a potion of mutation {unknown}
 n - a potion of invisibility {unknown}

Dungeon Overview and Level Annotations

Branches:
Dungeon (3/15)

Altars:

..........# #.##.#
..........# #..#.#
..........# ##.#.#
..........### #######.#+##
............# #..........#
........##.#### #..........#
........##....# #..........#
#############'####..........#
#.......w@............####
#.........s.........>.'...
#....................†#...
#.....................#...
#.....................#...
#...........###########...
#...........# #...
............ #... ###+


You could see a worm and a scorpion.


Message History

The scorpion is severely wounded.
You feel sick. The scorpion stings you.
* * * LOW HITPOINT WARNING * * *
You are too injured to fight recklessly!
You are too injured to fight recklessly!
Unknown command.
You hit the scorpion but do no damage. You headbutt the scorpion.
The scorpion is almost dead.
You feel sick.
The scorpion stings you but does no damage.
The worm bites you but does no damage.
You hit the scorpion but do no damage.
The scorpion is almost dead.
You feel sick.
The scorpion stings you but does no damage.
You hit the scorpion but do no damage. Your headbutt misses the scorpion.
The scorpion is almost dead.
You feel sick. The scorpion stings you.
* * * LOW HITPOINT WARNING * * *
The worm bites you but does no damage.
You closely miss the scorpion. Your headbutt misses the scorpion.
The scorpion is almost dead.
You feel sick. The scorpion stings you!
* * * LOW HITPOINT WARNING * * *
The worm bites you.
* * * LOW HITPOINT WARNING * * *
You hit the scorpion but do no damage.
You headbutt the scorpion, but do no damage.
The scorpion is almost dead.
You die...

Skill      XL: |  1  2  3 |
---------------+----------+-----
Long Blades    | 3 5 |  5.7
Fighting       | |  3.0
Dodging        | |  2.6
Stealth        | |  1.7

Action                   |  1- 3 |  4- 6 || total
-------------------------+-------+-------++-------
Melee: Falchion          |    95 |   114 ||   209
       Headbutt          |    15 |    20 ||    35
  Use: Scroll            |       |     2 ||     2
Armor: Robe              |     9 |       ||     9
       Ring mail         |    17 |       ||    17
       Chain mail        |       |    68 ||    68
Dodge: Dodged            |    76 |    26 ||   102
       Rpst.: Falchion   |    27 |     7 ||    34

Levels and vault maps discovered:
D:1:      tarquinn_simple_flora_water_e, layout_basic
D:2:      layout_basic, chequers_ecumenical_altar_twisty,
          uniq_crazy_yiuf_cottage
D:3:      layout_basic, lemuel_doored_altar

Notes
Turn   | Place    | Note
-------+----------+-------------------------------------------
     0 | D:1      | Dracia the Demonspawn Monk began the quest for the Orb.
     0 | D:1      | Reached XP level 1. HP: 18/18 MP: 1/1
    60 | D:1      | Reached skill level 3 in Long Blades
   181 | D:1      | Gained mutation: You have a pair of small horns on your
                  | head. [demonic ancestry]
   181 | D:1      | Reached XP level 2. HP: 24/24 MP: 2/2
   827 | D:1      | Reached XP level 3. HP: 29/29 MP: 3/3
  1074 | D:2      | Reached skill level 4 in Long Blades
  1162 | D:2      | Noticed a centaur
  1175 | D:2      | Killed a centaur
  1176 | D:2      | Reached skill level 5 in Long Blades
  1176 | D:2      | Reached XP level 4. HP: 9/35 MP: 4/4
  1549 | D:2      | Found a faded altar of an unknown god.
  1767 | D:2      | Reached XP level 5. HP: 41/41 MP: 5/5
  1895 | D:2      | Found a runed translucent door.
  1896 | D:2      | Noticed Crazy Yiuf
  2315 | D:2      | Killed Crazy Yiuf
  2833 | D:3      | HP: 1/41 [worm (6)]
  2834 | D:3      | Succumbed to a scorpion's poison

Vanquished Creatures
  A centaur (D:2)
  Crazy Yiuf (D:2)
  2 adders
  2 worms
  4 leopard geckos
  5 orcs (D:3)
  4 ball pythons
  A giant cockroach (D:1)
  8 goblins
  4 hobgoblins
  5 jackals
  7 bats
  5 frilled lizards
  7 kobolds
  9 rats
65 creatures vanquished.

Table legend: (Time is in decaauts)
 A = Elapsed time spent in this place.
 B = Non-inter-level travel time spent in this place.
 C = Inter-level travel time spent in this place.
 D = Time resting spent in this place.
 E = Time spent auto-exploring this place.
 F = Levels seen in this place.
 G = Mean time per level.
                   A        B        C        D        E       F      G
               +--------+--------+--------+--------+--------+-----+--------+
         Total |   2836 |   2754 |     82 |    301 |   2028 |   3 |  945.3 |
       Dungeon |   2836 |   2754 |     82 |    301 |   2028 |   3 |  945.3 |
               +--------+--------+--------+--------+--------+-----+--------+

Top non-repeatable levels by time:
     D:2: 1465 daAuts
     D:1: 1071 daAuts
     D:3: 300 daAuts

Table legend:
 A = Non-vault XP
 B = Vault XP
 C = Vault XP percentage of total XP
 D = Non-vault monster count
 E = Vault monster count
 F = Vault count percentage of total count
                 A         B        C        D         E       F
            +---------+---------+-------+---------+---------+-------
      Total |     247 |      41 |  14.2 |      64 |       1 |   1.5
            +---------+---------+-------+---------+---------+-------
        D:1 |      51 |       0 |   0.0 |      30 |       0 |   0.0
        D:2 |     147 |      41 |  21.8 |      16 |       1 |   5.9
        D:3 |      49 |       0 |   0.0 |      18 |       0 |   0.0
            +---------+---------+-------+---------+---------+-------
